 Dungeon Crawl Stone Soup version 0.25-a0-598-gc9c9e4cfe1 (webtiles) character file.

Game seed: 5423482047385229587, levelgen mode: classic

398858 EnegeticOcto the Severer (level 21, -4/217 HPs)
             Began as a Deep Dwarf Fighter on Mar 15, 2020.
             Was the Champion of Makhleb.
             Slain by a white draconian monk (11 damage)
             ... on level 2 of the Realm of Zot.
             The game lasted 00:34:24 (25545 turns).

EnegeticOcto the Severer (Deep Dwarf Fighter)      Turns: 25545, Time: 00:34:24

Health: -4/217     AC: 41    Str: 33    XL:     21   Next: 91%
Magic:  18/18      EV: 15    Int: 11    God:    Makhleb [******]
Gold:   2304       SH:  0    Dex: 15    Spells: 20/20 levels left

rFire    + + .     SeeInvis +   T - +9 battleaxe of Winter {speed, MR+}
rCold    + + +     Gourm    +   (shield currently unavailable)
rNeg     + . .     Faith    .   N - +3 gold dragon scales
rPois    +         Spirit   .   L - +2 helmet {SInv}
rElec    .         Reflect  .   Q - +2 cloak of Fun {rPois rC++ Slay+3 Stlth+}
rCorr    .         Harm     .   X - +0 pair of gloves of True Grit {rPois rF+ Dex+3}
MR       ++++.                  p - +2 pair of boots
Stlth    ..........             z - amulet of the gourmand
HPRegen  0.00/turn              K - +5 ring of strength
MPRegen  0.16/turn              W - +4 ring of protection

@: non-regenerating, hasted and slowed
A: damage resistance, heal wounds, negative energy resistance 1, sense
surroundings 3, no regeneration
}: 3/15 runes: decaying, silver, gossamer
a: Heal Wounds, Minor Destruction, Lesser Servant of Makhleb, Major Destruction,
Greater Servant of Makhleb, Renounce Religion


You were on level 2 of the Realm of Zot.
You worshipped Makhleb.
Makhleb was exalted by your worship.
You were full.

You visited 10 branches of the dungeon, and saw 49 of its levels.
You also visited: Sewer, Ossuary, Ice Cave and Volcano.

You collected 4056 gold pieces.
You spent 1752 gold pieces at shops.

Inventory:

Hand Weapons
 a - a +2 broad axe of flaming
 T - the +9 battleaxe of Winter (weapon) {speed, MR+}
   (You found it on level 1 of the Swamp)

   Attacks with this weapon are significantly faster.
   It affects your resistance to hostile enchantments.
Armour
 p - a +2 pair of boots (worn)
 L - a +2 helmet of see invisible (worn)
 N - +3 gold dragon scales (worn)
 Q - the +2 cloak of Fun (worn) {rPois rC++ Slay+3 Stlth+}
   (You found it on level 12 of the Dungeon)

   It affects your accuracy and damage with ranged weapons and melee attacks
   (+3).
   It greatly protects you from cold.
   It protects you from poison.
   It makes you more stealthy.
 X - the +0 pair of gloves of True Grit (worn) {rPois rF+ Dex+3}
   (You bought it in a shop on level 4 of the Vaults)

   It affects your dexterity (+3).
   It protects you from fire.
   It protects you from poison.
Jewellery
 i - a cursed -2 ring of evasion
 z - an amulet of the gourmand (around neck)
 K - a +5 ring of strength (left hand)
 W - a +4 ring of protection (right hand)
Wands
 f - a wand of flame (94)
 u - a wand of digging (2) {@v2}
 w - a wand of polymorph (4)
 x - a wand of paralysis (12)
 G - a wand of clouds (1)
 J - a wand of acid (11) {@v1}
 Z - a wand of iceblast (10)
Scrolls
 b - 21 scrolls of teleportation {@r2}
 c - a scroll of enchant armour
 h - 5 scrolls of fear
 s - 16 scrolls of remove curse {@r6}
 v - a scroll of identify {@r1}
 y - a scroll of silence
 A - 3 scrolls of magic mapping {@r5}
 C - 3 scrolls of blinking {@r3}
 I - a scroll of holy word
 M - a scroll of brand weapon
 O - 2 scrolls of immolation {@r4}
 R - a scroll of summoning
 S - a scroll of enchant weapon
 V - a scroll of fog
Potions
 d - 4 potions of flight
 g - 2 potions of cancellation
 j - 5 potions of stabbing {@q5}
 k - 3 potions of might {@q3}
 l - 9 potions of heal wounds {@q2}
 m - 3 potions of resistance {@q6}
 n - 9 potions of haste {@q4}
 o - 2 potions of magic
 q - 3 potions of mutation
 r - 5 potions of lignification {@q7}
 t - 17 potions of curing {@q1}
 B - 2 potions of invisibility
 E - 2 potions of berserk rage
 H - 4 potions of ambrosia
Miscellaneous
 F - a fan of gales
 P - a phantom mirror
 U - a lamp of fire
Comestibles
 e - 50 rations


   Skills:
 * Level 19.5 Fighting
 + Level 20.7 Axes
 + Level 17.0 Armour
 + Level 13.3 Dodging
   Level 12.3 Shields
 - Level 15.0 Invocations
 * Level 14.4 Evocations


You had 20 spell levels left.
You didn't know any spells.
Your spell library was empty.

Dungeon Overview and Level Annotations

Branches:
Dungeon (15/15)            Temple (1/1) D:5            Lair (6/6) D:11
  Swamp (4/4) Lair:4       Spider (4/4) Lair:4        Slime (5/5) Lair:6
    Orc (2/2) D:12            Elf (0/3) Orc:2        Vaults (5/5) D:14
 Depths (5/5) D:15            Zot (2/5) Depths:5      Sewer (visited)
Ossuary (visited)           IceCv (visited)         Volcano (visited)
  Crypt: Vaults:2-3

Altars:
Ashenzari
Elyvilon
Fedhas
Gozag
Hepliaklqana
Kikubaaqudgha
Makhleb
Nemelex Xobeh
Okawaru
Qazlal
Ru
Sif Muna
Trog
Uskayaw
Vehumet
Wu Jian
Xom
Yredelemnul
Zin
The Shining One
Beogh
Jiyva

Shops:
D:5 [   D:14 %[   Orc:2 :([[   Vaults:4 *   Vaults:5 [[

Portals:
Hell: Lair:6
Abyss: Depths:2

Annotations:
D:14 1 runed translucent door, Korbz's ghost, journeyman GrEE
Lair:1 2 transporters, exclusions: door and oklob plant
Spider:4 Nikola
Slime:5 Royal Jelly


Innate Abilities, Weirdness & Mutations

You are resistant to damage.
You can heal yourself by infusing magical energy.
You resist negative energy. (rN+)
You passively map a large area around you.
You do not regenerate.


Message History

The white draconian monk tail-slaps you but does no damage.
The moth of wrath goads the rime drake on!
The rime drake goes berserk!
The moth of wrath goads the komodo dragon on!
The komodo dragon goes berserk!
The yellow draconian stormcaller hits you but does no damage.
A red draconian monk comes into view.
The black draconian hits you but does no damage.
The red draconian hits you with a +0 glaive!!
A white draconian knight comes into view.
It is wielding a +1 battleaxe.
You slash the white draconian monk!
The white draconian monk is heavily wounded.
You slash the black draconian!
You hit the yellow draconian stormcaller but do no damage.
You hit the red draconian but do no damage.
The white draconian monk hits you.
The white draconian monk kicks you but does no damage.
The white draconian monk closely misses you.
The black draconian hits you but does no damage.
The red draconian hits you with a +0 glaive!!
The white draconian monk misses you.
The white draconian monk kicks you but does no damage.
The white draconian monk tail-slaps you!
The yellow draconian stormcaller mumbles some strange prayers to Qazlal against you.
Qazlal smites you!
The komodo dragon rages.
You are too injured to fight recklessly!
You are too injured to fight recklessly!
You are too injured to fight recklessly!
You are too injured to fight recklessly!
You are too injured to fight recklessly!
You are too injured to fight recklessly!
Okay, then.
You feel yourself speed up.
The komodo dragon rages.
The black draconian hits you but does no damage.
The white draconian monk hits you but does no damage.
The white draconian monk kicks you but does no damage.
The white draconian monk tail-slaps you.
The red draconian hits you with a +0 glaive!!
A red draconian comes into view. It is wielding a +0 halberd.
The yellow draconian stormcaller hits you but does no damage.
The komodo dragon rages.
The white draconian monk hits you but does no damage.
The white draconian monk kicks you!
* * * LOW HITPOINT WARNING * * *
The white draconian monk tail-slaps you but does no damage.
The black draconian hits you with a +0 halberd!!
* * * LOW HITPOINT WARNING * * *
The moth of wrath goads the death drake on!
The death drake goes berserk!
Your magical essence is drained by the effort!
You feel much better.
The red draconian hits you with a +0 glaive.
The white draconian monk hits you but does no damage.
The white draconian monk kicks you but does no damage.
The white draconian monk tail-slaps you but does no damage.
The black draconian hits you but does no damage.
The yellow draconian stormcaller hits you but does no damage.
The red draconian hits you with a +0 glaive!
* * * LOW HITPOINT WARNING * * *
You feel much better. The white draconian monk hits you!
* * * LOW HITPOINT WARNING * * *
The white draconian monk kicks you!
* * * LOW HITPOINT WARNING * * *
The white draconian monk tail-slaps you.
* * * LOW HITPOINT WARNING * * *
The black draconian hits you but does no damage.
The komodo dragon rages.
A moth of wrath comes into view.
The white draconian monk hits you but does no damage.
The white draconian monk kicks you.
* * * LOW HITPOINT WARNING * * *
The white draconian monk tail-slaps you but does no damage.
The red draconian barely misses you.
The yellow draconian stormcaller barely misses you.
The wind drake flaps its wings at you. The air twists around and strikes you.
You hear a roar! x2
Really read the scroll of immolation?
As you read the scroll of immolation {@r4}, it crumbles to dust.
The creatures around you are filled with an inner flame!
The black draconian hits you but does no damage.
The white draconian monk hits you!!
* * * LOW HITPOINT WARNING * * *
The white draconian monk misses you.
The white draconian monk tail-slaps you but does no damage.
The red draconian stormcaller calls down the wrath of Qazlal upon you.
Qazlal smites you!
* * * LOW HITPOINT WARNING * * *
The white draconian rages.
The red draconian hits you but does no damage.
The yellow draconian stormcaller hits you but does no damage.
Your magical essence is drained by the effort!
You feel much better.
The black draconian hits you but does no damage.
The white draconian monk hits you!!!
* * * LOW HITPOINT WARNING * * *
The white draconian monk kicks you!
You die...

,,,,,,* *,,*
*,,****,,****,,*
,,,,,** *,,* #..#
*,,,,,,,,* ,,,,**
**,,* #y.#
*,,,,,,,,* *****
**,,,* #..#
*,,****,,* *
**,.,** #d.# *,.#
*,,* **,,...**##kd#
*,.# *,,*
******,,,#...##dqq*
*..# *,,*
>,,,,,,,**#..kkqd##
*..# *,,* ,,,,,,,**
*#klqd@)##*#..#
*,,* ********
*#yqd#q..##...#
*,,*
*#kqd*##...<..#*
*,,* *#.kk**
##....## **,,*
********...**
*#...## **,,⌠*
*,,,,,,,..**
*#...## **,,,**
*,,,,,,,.** *#...##
*,,,** **********
*#...## *,,**
*#...#* ****


You could see 2 draconians, a white draconian knight (inner flame), a black
draconian (berserk), 2 draconians, 3 draconians, a white draconian (berserk), 3
draconians, a yellow draconian scorcher (inner flame), a death drake (berserk),
a wind drake, a lindwurm, 2 moths of wrath, a komodo dragon (berserk) and 4 rime
drakes.

Vanquished Creatures
  Mara (Vaults:4)
  the Lernaean hydra (Swamp:4)
  A caustic shrike (Depths:4)
  Margery (Depths:4)
  5 golden dragons
  An electric golem (Zot:1)
  Rupert (D:12)
  A tentacled monstrosity (Vaults:5)
  2 liches
  3 titans (Vaults:5)
  2 quicksilver dragons
  3 acid blobs
  3 sphinxes
  A death cob (Zot:2)
  3 thorn hunters
  Kirke (D:12)
  6 storm dragons
  Donald (Orc:2)
  7 shadow dragons
  4 azure jellies
  2 draconian monks
  4 tengu reavers
  5 fire giants
  3 ghost moths (Spider:4)
  7 frost giants
  6 emperor scorpions
  2 draconian scorchers
  A deep elf sorcerer (Vaults:5)
  2 iron dragons
  7 vault wardens
  A spriggan defender (Depths:4)
  4 deep elf elementalists
  A draconian shifter (Zot:1)
  A draconian stormcaller (Zot:1)
  9 stone giants
  10 ironheart preservers
  2 entropy weavers
  19 very ugly things
  A vampire knight (Depths:5)
  A purple draconian (Zot:1)
  2 red draconians
  8 spark wasps
  2 green draconians
  4 deep elf annihilators
  A spark wasp (shapeshifter) (Vaults:5)
  3 deep elf demonologists
  A white draconian (Zot:1)
  2 death oozes
  9 ettins
  A small abomination (Vaults:5)
  Snorg (Orc:2)
  2 green deaths (Swamp:4)
  4 fire dragons
  3 deep elf high priests
  2 great orbs of eyes
  2 rakshasas (Depths:3)
  6 yaktaur captains
  15 hydras
  2 ice dragons
  30 vault guards
  A catoblepas (D:13)
  A ghost crab (Swamp:4)
  10 centaur warriors
  33 two-headed ogres
  Erica (D:8)
  10 ogre magi
  3 dancing weapons (Vaults:5)
  4 alligators
  3 deep troll shamans
  6 death yaks
  4 tengu warriors
  2 deep troll earth magi (Depths:4)
  5 orc high priests
  Nergalle (Lair:3)
  Urug (Orc:1)
  4 hell knights (Depths:4)
  2 iron trolls (Depths:3)
  2 deep elf knights (Vaults:4)
  2 skeletal warriors (Volcano)
  A shadow wraith (Vaults:1)
  A flayed ghost (Depths:4)
  2 spriggan druids
  2 unseen horrors
  4 wizards
  A deep troll (shapeshifter) (Vaults:5)
  13 deep trolls
  A deep elf archer (Vaults:3)
  10 orc knights
  A glowing orange brain (Depths:4)
  Pikel (D:4)
  A phantasmal warrior (Vaults:5)
  2 swamp dragons (Swamp:4)
  2 large abominations
  6 deep elf magi
  A harpy (shapeshifter) (Depths:4)
  A necromancer (Depths:4)
  3 harpies (Vaults:1)
  4 orc sorcerers
  15 wolf spiders
  8 ironbrand convokers
  A shining eye (Slime:1)
  4 cyclopes
  4 orb spiders
  2 manticores
  A cyclops (shapeshifter) (D:15)
  A manticore (shapeshifter) (Depths:4)
  16 ugly things
  3 moths of wrath
  A rust devil (Depths:4)
  21 elephants
  9 vault sentinels
  9 spiny frogs
  A centaur zombie (D:13)
  2 black mambas (shapeshifter)
  An eye of devastation (Slime:3)
  2 black mambas (Lair:5)
  5 gargoyles
  2 torpor snails
  An orange demon (Swamp:4)
  5 komodo dragons
  A yaktaur (shapeshifter) (Vaults:3)
  An efreet (D:14)
  7 freezing wraiths
  4 rime drakes
  3 kobold demonologists
  An anaconda simulacrum (IceCv)
  A demonic crawler (Spider:2)
  23 yaktaurs
  A golden dragon simulacrum (IceCv)
  2 tengu conjurers
  An ice devil (Lair:6)
  10 trolls
  19 jumping spiders
  A polar bear (Lair:6)
  5 tyrant leeches
  A harpy skeleton (Volcano)
  8 hornets
  A wind drake (shapeshifter) (Depths:3)
  50 slime creatures
  9 bog bodies
  10 blink frogs
  19 hippogriffs
  6 dream sheep (Lair:6)
  2 flying skulls (Volcano)
  3 vampires
  A meliai zombie (D:13)
  34 yaks
  5 shadows
  6 spriggans
  An alligator skeleton (Volcano)
  6 hogs
  39 redbacks
  A spriggan (shapeshifter) (D:15)
  14 tarantellas
  A tarantella (shapeshifter) (D:15)
  A wraith (Vaults:1)
  4 humans
  3 golden eyes (Slime:5)
  3 basilisks
  A steam dragon (D:12)
  A hungry ghost (D:12)
  6 vampire mosquitoes
  8 insubstantial wisps
  8 swamp worms
  3 wargs
  Duvessa (D:4)
  2 hell hounds (Lair:2)
  A hydra simulacrum (IceCv)
  An acid dragon (D:12)
  A floating eye (shapeshifter) (D:15)
  19 water moccasins
  A floating eye (Depths:4)
  11 porcupines
  10 ice beasts
  2 ettin simulacra (IceCv)
  4 sky beasts
  A slave (D:4)
  4 black bears
  3 eyes of draining
  40 orc warriors
  30 ogres
  9 wolves
  16 boggarts
  2 phantoms
  4 necrophages
  14 centaurs
  19 crocodiles
  8 big kobolds
  A gnoll sergeant (D:10)
  19 bullfrogs
  A wyvern zombie (Ossuary)
  2 wyvern skeletons
  Dowan (D:4)
  7 scorpions
  16 killer bees
  2 spriggan skeletons (Volcano)
  19 wights
  3 howler monkeys
  10 crimson imps
  A bullfrog zombie (Ossuary)
  A bullfrog skeleton (D:12)
  A quasit (D:10)
  5 hounds
  18 orc priests
  5 jellies
  25 orc wizards
  5 centaur skeletons
  4 iguanas
  14 worker ants
  A naga skeleton (Volcano)
  3 hound zombies
  3 hound skeletons
  12 mummies
  A worker ant zombie (Ossuary)
  4 gnolls (D:10)
  A river rat (Sewer)
  13 adders
  3 shadow imps
  2 oozes
  2 adder zombies (Ossuary)
  3 adder skeletons
  4 dart slugs
  A worm (D:4)
  3 leopard geckos
  126 orcs
  5 giant cockroaches
  5 goblins
  6 jackals
  27 kobolds
  4 quokkas
  4 bats
  3 frilled lizards
  A jackal zombie (Ossuary)
  A leopard gecko zombie (Ossuary)
  2 quokka skeletons
  2 quokka zombies (D:5)
  11 rats
  A bush (Lair:3)
  2 crawling corpses
  2 fungi
  6 plants
1464 creatures vanquished.

Vanquished Creatures (collateral kills)
  Saint Roka (Orc:2)
  Roxanne (Swamp:1)
  A ghost moth (Spider:4)
  5 hydras
  3 alligators
  A death yak (D:11)
  A thrashing horror (Swamp:4)
  A sixfirhy (Lair:6)
  A wizard (Lair:6)
  2 orb spiders (Spider:4)
  An orc knight (Orc:2)
  A shining eye (Slime:1)
  2 elephants
  An orange demon (Lair:6)
  3 spiny frogs
  A demonic crawler (Spider:1)
  A hellwing (Lair:6)
  2 ice devils (Lair:6)
  2 red devils (Lair:6)
  A polar bear (Lair:5)
  2 hornets
  A tyrant leech (Swamp:1)
  A bog body (Swamp:4)
  2 slime creatures
  2 spriggans
  3 vampire mosquitoes
  5 insubstantial wisps
  2 swamp worms
  A warg (Orc:2)
  A water moccasin (Lair:6)
  4 hell hounds (Lair:6)
  A sky beast (D:11)
  A swamp drake (Swamp:1)
  2 orc warriors (Orc:2)
  A crocodile (Lair:6)
  A wight (D:11)
  An orc wizard (D:11)
  An orc (Orc:2)
64 creatures vanquished.

Vanquished Creatures (others)
  A hell beast (Swamp:4)
  An alligator (Swamp:4)
  2 humans (D:12)
  An insubstantial wisp (Swamp:1)
  A swamp drake (Swamp:4)
  A boggart (D:15)
  A centaur (D:13)
  4 fungi (Lair:6)
  18 plants
30 creatures vanquished.

Grand Total: 1558 creatures vanquished

Notes
Turn   | Place    | Note
-------+----------+-------------------------------------------
     0 | D:1      | EnegeticOcto the Deep Dwarf Fighter began the quest for the
                  | Orb.
     0 | D:1      | Reached XP level 1. HP: 20/20 MP: 1/1
   109 | D:2      | Reached XP level 2. HP: 18/27 MP: 2/2
   179 | D:2      | Reached XP level 3. HP: 17/34 MP: 3/3
   305 | D:2      | Reached skill level 3 in Axes
   530 | D:2      | Reached XP level 4. HP: 41/42 MP: 4/4
  1003 | D:3      | You fall into a shaft and drop 1 floor!
  1090 | D:4      | Reached XP level 5. HP: 37/50 MP: 5/5
  1276 | D:4      | Found a radiant altar of Vehumet.
  1276 | D:4      | Noticed a slave
  1277 | D:4      | Noticed a slave
  1278 | D:4      | Noticed Pikel
  1279 | D:4      | Noticed a slave
  1279 | D:4      | Noticed a slave
  1279 | D:4      | Noticed an ogre
  1291 | D:4      | Killed a slave
  1303 | D:4      | Killed Pikel
  1303 | D:4      | Reached skill level 5 in Axes
  1303 | D:4      | Reached XP level 6. HP: 44/58 MP: 5/7
  1303 | D:4      | Reached XP level 7. HP: 51/66 MP: 5/8
  1672 | D:4      | Noticed Dowan
  1682 | D:4      | Killed Dowan
  1682 | D:4      | Reached skill level 5 in Fighting
  1690 | D:4      | Reached skill level 5 in Shields
  1692 | D:4      | Noticed Duvessa
  1707 | D:4      | Killed Duvessa
  1707 | D:4      | Reached skill level 5 in Armour
  1914 | D:5      | Entered Level 5 of the Dungeon
  1929 | D:5      | Found a sand-covered staircase.
  1942 | Ossuary  | Entered an ossuary
  1974 | Ossuary  | Reached XP level 8. HP: 63/74 MP: 10/10
  2011 | Ossuary  | Reached skill level 6 in Axes
  2240 | D:5      | Found Zesymyph's Armour Emporium.
  2272 | D:5      | Found a staircase to the Ecumenical Temple.
  2282 | Temple   | Entered the Ecumenical Temple
  2347 | Temple   | Became a worshipper of Makhleb the Destroyer
  2397 | D:5      | Reached skill level 1 in Invocations
  2470 | D:5      | Found a stormy altar of Qazlal.
  2541 | D:5      | Found a sparkling altar of Nemelex Xobeh.
  2767 | D:6      | Noticed a hippogriff
  2779 | D:6      | Killed a hippogriff
  2789 | D:6      | Found a shattered altar of Ashenzari.
  2849 | D:6      | Reached skill level 7 in Axes
  2852 | D:6      | Found a glowing drain.
  2869 | Sewer    | Entered a sewer
  2977 | Sewer    | Found a white marble altar of Elyvilon.
  3072 | D:6      | Gained mutation: You passively map the area around you.
                  | [Deep Dwarf growth]
  3072 | D:6      | Reached XP level 9. HP: 35/82 MP: 11/11
  3537 | D:7      | Noticed a two-headed ogre
  3542 | D:7      | Reached * piety under Makhleb
  3555 | D:7      | Killed a two-headed ogre
  3555 | D:7      | Reached skill level 5 in Evocations
  3601 | D:7      | Found a white marble altar of Elyvilon.
  3627 | D:7      | Reached skill level 8 in Axes
  4218 | D:7      | Reached XP level 10. HP: 52/94 MP: 13/13
  4373 | D:8      | Found a shimmering blue altar of Sif Muna.
  4455 | D:8      | Reached ** piety under Makhleb
  4542 | D:8      | Noticed Erica
  4549 | D:8      | Killed Erica
  4549 | D:8      | Reached skill level 9 in Axes
  4549 | D:8      | Reached skill level 5 in Invocations
  4567 | D:8      | Found a blossoming altar of Fedhas.
  4568 | D:8      | Found a shimmering altar of Xom.
  4569 | D:8      | Found a glowing silver altar of Zin.
  4575 | D:8      | Found an ornate altar of the Wu Jian Council.
  4577 | D:8      | Found an iron altar of Okawaru.
  4577 | D:8      | Found a basalt altar of Yredelemnul.
  5026 | D:8      | Found an ancient bone altar of Kikubaaqudgha.
  5763 | D:9      | Reached *** piety under Makhleb
  5911 | D:9      | Noticed a two-headed ogre
  5922 | D:9      | Killed a two-headed ogre
  5922 | D:9      | Reached skill level 10 in Axes
  5922 | D:9      | Reached XP level 11. HP: 80/104 MP: 15/15
  6031 | D:10     | Entered Level 10 of the Dungeon
  6154 | D:10     | Paralysed by a hornet for 2 turns
  6667 | D:10     | Found Mysmen's Assorted Antiques.
  6676 | D:10     | Reached **** piety under Makhleb
  6830 | D:11     | Noticed an eight-headed hydra
  7265 | D:11     | Killed a 14-headed hydra
  7344 | D:11     | Noticed a two-headed ogre
  7349 | D:11     | Killed a two-headed ogre
  7464 | D:11     | Noticed a death yak
  7466 | D:11     | Noticed a death yak
  7467 | D:11     | Noticed a death yak
  7471 | D:11     | Killed a death yak
  7482 | D:11     | Killed a death yak
  7486 | D:11     | Killed a death yak
  7488 | D:11     | Found a staircase to the Lair.
  7568 | D:11     | Reached skill level 11 in Axes
  7911 | Lair:1   | Entered Level 1 of the Lair of Beasts
  7979 | Lair:2   | Reached XP level 12. HP: 112/116 MP: 15/15
  8055 | Lair:2   | Found a dark tunnel.
  8061 | Volcano  | Entered a volcano
  8173 | Volcano  | Reached skill level 10 in Fighting
  9161 | Lair:3   | Noticed Nergalle
  9191 | Lair:3   | Killed Nergalle
  9251 | Lair:3   | Reached skill level 12 in Axes
  9393 | Lair:3   | Reached ***** piety under Makhleb
 10018 | Lair:4   | Found a hole to the Spider Nest.
 10047 | Lair:4   | Reached skill level 10 in Evocations
 10047 | Lair:4   | Reached XP level 13. HP: 96/126 MP: 17/17
 10238 | Lair:4   | Found a staircase to the Swamp.
 10467 | Lair:4   | You fall into a shaft and drop 2 floors!
 10467 | Lair:6   | Entered Level 6 of the Lair of Beasts
 10568 | Lair:6   | Reached skill level 13 in Axes
 10568 | Lair:6   | Reached skill level 10 in Shields
 10598 | Lair:6   | Found a viscous altar of Jiyva.
 10605 | Lair:6   | Found a staircase to the Slime Pits.
 10637 | Lair:6   | Reached skill level 10 in Armour
 10665 | Lair:6   | Found a burning altar of Makhleb.
 10686 | Lair:6   | Found a gateway to Hell.
 10866 | Lair:6   | Reached skill level 10 in Invocations
 11754 | Lair:5   | Gained mutation: You resist negative energy. (rN+) [Deep
                  | Dwarf growth]
 11754 | Lair:5   | Reached XP level 14. HP: 133/136 MP: 16/16
 12582 | Lair:1   | Reached skill level 14 in Axes
 12895 | Lair:1   | Found a transporter.
 13155 | Lair:1   | Found a transporter.
 13534 | D:12     | Found a staircase to the Orcish Mines.
 13560 | D:12     | Identified the +2 cloak of Fun {rPois rC++ Slay+3 Stlth+}
                  | (You found it on level 12 of the Dungeon)
 13673 | D:12     | Reached ****** piety under Makhleb
 13862 | D:12     | Found the ring of the Octopus King
 13894 | D:12     | Got a ring of the Octopus King
 14040 | D:12     | Noticed Kirke
 14062 | D:12     | Killed Kirke
 14070 | D:12     | Noticed Rupert
 14103 | D:12     | Killed Rupert
 14326 | Orc:1    | Entered Level 1 of the Orcish Mines
 14327 | Orc:1    | Noticed Urug
 14338 | Orc:1    | Killed Urug
 14464 | Orc:2    | Entered Level 2 of the Orcish Mines
 14519 | Orc:2    | Noticed Snorg
 14533 | Orc:2    | Killed Snorg
 14553 | Orc:2    | Noticed Donald
 14565 | Orc:2    | Killed Donald
 14590 | Orc:2    | Identified a ring of the Octopus King {rN+ AC+1 EV+1 Str+1
                  | Int+1 Dex+1} (You found it on level 12 of the Dungeon)
 14653 | Orc:2    | Found a staircase to the Elven Halls.
 14671 | Orc:2    | Reached XP level 15. HP: 125/147 MP: 16/16
 14676 | Orc:2    | Found a roughly hewn altar of Beogh.
 14828 | Orc:2    | Reached skill level 15 in Axes
 15069 | Orc:2    | Found Nuteb's Book Boutique.
 15217 | Orc:2    | Found a roughly hewn altar of Beogh.
 15240 | Orc:2    | Found Ugumy's Antique Armour Emporium.
 15284 | Orc:2    | Noticed Saint Roka
 15326 | Orc:2    | Killed Saint Roka
 15360 | Orc:2    | Found Foikubb's Antique Weapon Emporium.
 15361 | Orc:2    | Found a roughly hewn altar of Beogh.
 15362 | Orc:2    | Found Ibee's Antique Armour Shoppe.
 15427 | Orc:2    | Found a roughly hewn altar of Beogh.
 15464 | Orc:2    | Found a roughly hewn altar of Beogh.
 15759 | Orc:1    | Found a radiant altar of Vehumet.
 15905 | Orc:2    | Bought a smoking chain mail for 275 gold pieces
 15905 | Orc:2    | Identified the +3 chain mail of Huck {rElec rN+++ MR- SInv}
                  | (You bought it in a shop on level 2 of the Orcish Mines)
 16265 | D:13     | Reached skill level 1 in Dodging
 16763 | D:14     | Found a runed translucent door.
 16766 | D:14     | Noticed Korbz's ghost (journeyman GrEE)
 16770 | D:14     | Identified the cursed +3 spear of Eternal Vigilance {speed,
                  | *Noise rF+ MR+ Dex+2}
 16798 | D:14     | Found Anec's Antique Armour Shop.
 16802 | D:14     | Bought an ichor-stained plate armour for 700 gold pieces
 16802 | D:14     | Identified the +5 plate armour of the Enchanted Forest {rF-
                  | rN++ MR+ rCorr} (You bought it in a shop on level 14 of the
                  | Dungeon)
 16900 | D:14     | Found Felesen's Food Boutique.
 17249 | D:15     | Entered Level 15 of the Dungeon
 17288 | D:15     | Identified the +1 ring mail of Yciq {Regen+ Str+3 Int+4}
 17750 | D:15     | Paralysed by a floating eye for 4 turns
 17758 | D:15     | Paralysed by a floating eye for 3 turns
 17788 | D:15     | Paralysed by a floating eye for 4 turns
 17816 | D:15     | Found a staircase to the Depths.
 17989 | D:15     | Reached skill level 16 in Axes
 18299 | Swamp:1  | Entered Level 1 of the Swamp
 18299 | Swamp:1  | Identified Roxanne's Guide on Transformation
 18299 | Swamp:1  | Noticed Roxanne
 18301 | Swamp:1  | Noticed a thorn hunter
 18303 | Swamp:1  | Reached XP level 16. HP: 158/158 MP: 16/16
 18317 | Swamp:1  | Killed a thorn hunter
 18327 | Swamp:1  | Killed Roxanne
 18576 | Swamp:1  | Identified the +9 battleaxe of Winter {speed, MR+} (You
                  | found it on level 1 of the Swamp)
 19076 | Swamp:3  | Noticed a thorn hunter
 19097 | Swamp:3  | Killed a thorn hunter
 19102 | Swamp:4  | Entered Level 4 of the Swamp
 19201 | Swamp:4  | Noticed a thorn hunter
 19209 | Swamp:4  | Noticed an Executioner
 19214 | Swamp:4  | Noticed the 27-headed Lernaean hydra
 19217 | Swamp:4  | Killed a thorn hunter
 19224 | Swamp:4  | Reached skill level 5 in Dodging
 19234 | Swamp:4  | Killed the 19-headed Lernaean hydra
 19309 | Swamp:4  | Got a decaying rune of Zot
 19488 | Spider:1 | Entered Level 1 of the Spider Nest
 19510 | Spider:1 | Reached skill level 17 in Axes
 19638 | Spider:1 | Reached XP level 17. HP: 143/168 MP: 18/18
 19701 | Spider:2 | Found a frozen archway.
 19736 | IceCv    | Entered an ice cave
 19859 | Spider:2 | Reached skill level 15 in Fighting
 20180 | Spider:4 | Entered Level 4 of the Spider Nest
 20381 | Spider:4 | Got a gossamer rune of Zot
 20455 | Spider:4 | Noticed Nikola
 20641 | Slime:1  | Entered Level 1 of the Pits of Slime
 20695 | Slime:2  | Noticed an acid blob
 20709 | Slime:2  | Killed an acid blob
 20715 | Slime:2  | Reached skill level 18 in Axes
 20753 | Slime:4  | Noticed an acid blob
 20763 | Slime:4  | Killed an acid blob
 20863 | Slime:5  | Entered Level 5 of the Pits of Slime
 20884 | Slime:5  | Noticed an acid blob
 20899 | Slime:5  | Noticed the Royal Jelly
 20900 | Slime:5  | Noticed an acid blob
 20901 | Slime:5  | Noticed an acid blob
 20903 | Slime:5  | Noticed an acid blob
 20905 | Slime:5  | Killed an acid blob
 20905 | Slime:5  | Noticed an acid blob
 20906 | Slime:5  | Noticed an acid blob
 20913 | Slime:4  | Gained mutation: You passively map a large area around you.
                  | [Deep Dwarf growth]
 20913 | Slime:4  | Reached XP level 18. HP: 181/181 MP: 17/19
 21335 | D:14     | Found a glowing golden altar of the Shining One.
 21508 | D:14     | Found a gate to the Vaults.
 21558 | Vaults:1 | Entered Level 1 of the Vaults
 21741 | Vaults:1 | Reached skill level 15 in Invocations
 22292 | Vaults:4 | Found Weepn's Assorted Antiques.
 22300 | Vaults:4 | Bought a pair of translucent gloves for 237 gold pieces
 22300 | Vaults:4 | Bought a potion of invisibility for 200 gold pieces
 22300 | Vaults:4 | Bought a scroll of magic mapping for 87 gold pieces
 22300 | Vaults:4 | Identified the +0 pair of gloves of True Grit {rPois rF+
                  | Dex+3} (You bought it in a shop on level 4 of the Vaults)
 22351 | Vaults:4 | Reached skill level 19 in Axes
 22461 | Vaults:4 | Noticed Mara
 22464 | Vaults:4 | Noticed EnegeticOcto's illusion
 22477 | Vaults:4 | Killed Mara
 22510 | Vaults:5 | Entered Level 5 of the Vaults
 22521 | Vaults:5 | Reached XP level 19. HP: 190/190 MP: 20/20
 22560 | Vaults:5 | Reached skill level 10 in Dodging
 22747 | Vaults:5 | Reached skill level 15 in Armour
 22800 | Vaults:5 | Found Mitass's Antique Armour Shoppe.
 22800 | Vaults:5 | Found Jaquar's Armour Shop.
 22815 | Vaults:5 | Reached skill level 20 in Axes
 22842 | Vaults:5 | Bought a +0 helmet of see invisible for 253 gold pieces
 23016 | Vaults:5 | Found the +8 demon blade "Leech" {vamp, *Rage +Rage rN+}
 23165 | Vaults:5 | Reached XP level 20. HP: 204/204 MP: 21/21
 23295 | Vaults:5 | Got a silver rune of Zot
 24298 | Depths:1 | Entered Level 1 of the Depths
 24298 | Depths:1 | Found Nebyxt's Food Emporium.
 24354 | Depths:2 | Found a one-way gate to the infinite horrors of the Abyss.
 24573 | Depths:4 | Noticed a golden dragon
 24582 | Depths:4 | Noticed a caustic shrike
 24588 | Depths:4 | Killed a golden dragon
 24620 | Depths:4 | Killed a caustic shrike
 24687 | Depths:4 | Reached XP level 21. HP: 214/214 MP: 20/20
 24804 | Depths:4 | Noticed Margery
 24903 | Depths:4 | Noticed a golden dragon
 24910 | Depths:4 | Killed a golden dragon
 25196 | Depths:4 | Killed Margery
 25268 | Depths:5 | Entered Level 5 of the Depths
 25366 | Depths:5 | Found a gate to the Realm of Zot.
 25366 | Depths:5 | Noticed a golden dragon
 25376 | Depths:5 | Killed a golden dragon
 25389 | Zot:1    | Entered Level 1 of the Realm of Zot
 25467 | Zot:1    | Noticed a golden dragon
 25482 | Zot:1    | Noticed a golden dragon
 25489 | Zot:1    | Killed a golden dragon
 25500 | Zot:1    | Killed a golden dragon
 25545 | Zot:2    | HP: 7/217 [white draconian monk (35)]
 25545 | Zot:2    | Slain by a white draconian monk

Levels and vault maps discovered:
D:1:      matt_arrival_diagonals, layout_basic
D:2:      layout_basic
D:3:      layout_rooms, first_ration
D:4:      layout_basic, vehumet_altar_wand_db, uniq_pikel, uniq_duvessa
D:5:      layout_rooms, nicolae_qazlal_eye_of_the_storm, nemelex_altar_shiori,
          minmay_temple_entry_antechambers, serial_shops, shop,
          gup_ossuary_entry_pyramid
D:6:      layout_loops_ring, nicolae_ashenzari_panopticon, portal_sewer_entry_b
D:7:      minmay_skewed_foursquare, layout_basic, overflow_temple_1_default,
          grunt_livestock
D:8:      layout_loops_ring, lemuel_coloured_pillars_altar,
          grunt_temple_overflow_open, lemuel_crystal_altar, uniq_erica
D:9:      layout_grid_maze
D:10:     layout_basic, serial_shops, shop
D:11:     layout_basic, dpeg_lair_monsters, bh_walls_and_bars
D:12:     layout_loops_ring, erik_orc_4, minmay_pinched_square, uniq_rupert,
          uniq_kirke
D:13:     layout_roguey, hangedman_decor_riveting
D:14:     layout_loops_ring, grunt_vaults_entry_fortified, tso_altar,
          serial_glass, glass_columns_a, glass_columns_a,
          ebering_ghost_funeral_grove, serial_shops, shop, kennysheep_mini
D:15:     gammafunk_enter_depths_forms, layout_loops_cross,
          chequers_serial_rivers_micro_d
Temple:   jpeg_temple_alley_garden
Lair:1:   layout_loops_ring, gammafunk_ghost_abyssal_escape,
          chequers_serial_rivers_room_b, minmay_shattered_shrine
Lair:2:   layout_long_grid, enter_volcano_3, grunt_megastairs_2
Lair:3:   layout_cave_pods, uniq_nergalle
Lair:4:   layout_gridlike, skrybe_swamp_entry_bodies, spider_nest_entry_a,
          grunt_megastairs_1
Lair:5:   wad_woods_settlement, layout_regular_city, st_stairs_12
Lair:6:   evil_forest, layout_loops_ring, slime_altar_1, serial_bayou_shore_b,
          infiniplex_staircase_pool_2, grunt_megastairs_5
Swamp:1:  layout_basic_swamp, serial_swamp_ruin, evilmike_swamp_ruin_rubble_2,
          evilmike_swamp_ruin_house_3, swamp_pool1, uniq_roxanne
Swamp:2:  gammafunk_worm_tunnel, layout_basic_swamp,
          evilmike_swamp_ruin_rubble_1
Swamp:3:  layout_basic_swamp, evilmike_swamp_ruin_house_5, swamp_pool1
Swamp:4:  swamp_vile, layout_basic_swamp
Spider:1: layout_spider_delve, uniq_asterion
Spider:2: layout_spider_delve, portal_ice_cave_entry_frozen_things, uniq_arachne
Spider:3: layout_spider_delve, gammafunk_ghost_arena
Spider:4: spider_rune_water, drop_trap, nicolae_spider_webs_and_nodes,
          nicolae_spider_circle_web, uniq_louise, uniq_nikola
Slime:1:  layout_caves, nicolae_slime_barrier
Slime:2:  layout_caves
Slime:3:  layout_caves
Slime:4:  layout_caves
Slime:5
Orc:1:    layout_caves, basic_altar, uniq_urug
Orc:2:    grunt_orc_community_town_hall, layout_diamond_mine,
          grunt_orc_community_big_house_1, grunt_orc_community_big_house_2,
          grunt_orc_community_house_1, grunt_orc_community_house_1,
          grunt_orc_community_house_1, grunt_orc_community_house_2, uniq_donald,
          uniq_saint_roka, uniq_snorg
Vaults:1: nicolae_vaults_three_branches, nicolae_vaults_triangles,
          v_alt_pattern_6, ontoclasm_vaults_ring_large,
          hangedman_vaults_capsules, hangedman_vaults_snaps,
          ontoclasm_vaults_decontamination, vaults_dpeg_cross,
          layout_vaults_chaotic_city
Vaults:2: nicolae_vaults_little_squares_1, hangedman_vaults_unwind,
          blue_anna_dwarven_crypt, ontoclasm_vaults_twist, vaults_mumra_hex,
          vaults_room_grid, nicolae_vaults_network_square,
          vaults_room_door_ring, vaults_room_hangedman_quadrants,
          nicolae_vaults_asterisk, layout_vaults_omnigrid
Vaults:3: nicolae_vaults_display_case, ontoclasm_vaults_ring_large,
          nicolae_vaults_angled_halls, nicolae_vaults_big_angled_halls,
          hangedman_vaults_nails, nicolae_vaults_specimen_jars,
          vaults_room_hallway, ontoclasm_vaults_loading_screen, v_rooms_3,
          hangedman_vaults_maws, v_pattern_3, ontoclasm_vaults_eye,
          nicolae_vaults_ring_of_whatevers, layout_vaults_maze_bifur
Vaults:4: vaults_room_corners, vaults_room_fancy_cross, vaults_mumra_hexcomb,
          v_misc_3, st_octagons_2, v_alt_pattern_3, grunt_vaults_hallway_long,
          grunt_vaults_twisty, nicolae_vaults_shelves_hall, vaults_room_pool,
          nicolae_vaults_little_ls, nicolae_vaults_what_the_h,
          layout_vaults_omnicross, serial_shops, shop_statue, uniq_mara
Vaults:5
Depths:1: layout_gridville, nicolae_trove_entry_crystal,
          serial_hangedman_research, hangedman_research_thermodynamics,
          hangedman_research_electronics, hangedman_research_thanatology,
          hangedman_research_pyrotechnics, hell_entry, rand_demon_pan_entry_3,
          minmay_misc_feat_chi, serial_shops, shop, kennysheep_mini_moat, shop,
          minmay_fractal_squares_gapless_7, serial_bayou_shore_a
Depths:2: minmay_the_grid_octo_tiled_octocenter_mashed
          [minmay_the_grid_octo_checkerflower, minmay_the_grid_octo_horde,
          minmay_the_grid_octo_thin_diamonds, minmay_the_grid_octo_checkered,
          minmay_the_grid_octo_prize_square_snowflake,
          minmay_the_grid_square_5x5_almost_minimal,
          minmay_the_grid_square_5x5_minimal,
          minmay_the_grid_square_5x5_eight_small,
          minmay_the_grid_square_5x5_corner], layout_long_grid,
          enter_ziggurat_d, abyss_entry_crystal, grunt_hell_entry_dis_grunt,
          minmay_staircase_windowed_small
Depths:3: dpeg_oklob_gauntlet, layout_small_grid, rand_demon_pan_entry_9,
          pf_hell_entry_tar_river, minmay_staircase_windowed_large, uniq_xtahua,
          uniq_enchantress
Depths:4: nicolae_legendary_halls, layout_long_grid, grunt_mini_vestibule,
          hangedman_abyss_or_decor_passed, abyss_entry,
          infiniplex_staircase_zigzag_5, uniq_margery
Depths:5: grunt_x_marks_the_spot, layout_cave_shapes, hell_entry,
          hangedman_aviary
Zot:1:    layout_misc_corridors, bh_zot_lava_cross, st_small_dragon_hoard_3
Zot:2:    layout_concentric_octagons, st_stairs_1, drop_trap

Skill      XL: |  1  2  3  4  5  6  7  8  9 10 11 12 13 14 15 16 17 18 19 20 21 |
---------------+----------------------------------------------------------------+-----
Fighting       | 3 4 5 6 7 8 9 10 11 13 14 15 16 17 18 19 | 19.5
Axes           | 3 5 7 8 10 11 12 13 14 16 17 18 19 20 | 20.7
Shields        | 4 5 6 7 8 9 10 11 12 | 12.3
Armour         | 4 5 6 7 8 9 10 11 12 13 14 15 16 17 | 17.0
Evocations     | 2 3 4 6 7 8 10 12 14 | 14.4
Invocations    | 2 4 6 7 9 10 11 12 13 14 15 | 15.0
Dodging        | 3 6 7 9 11 12 13 | 13.3

Action                   |  1- 3 |  4- 6 |  7- 9 | 10-12 | 13-15 | 16-18 | 19-21 || total
-------------------------+-------+-------+-------+-------+-------+-------+-------++-------
Melee: War axe           |   105 |    69 |   418 |   806 |   910 |       |       ||  2308
       Broad axe         |       |       |       |       |   431 |   219 |       ||   650
       Battleaxe         |       |       |       |       |       |   868 |  1020 ||  1888
Invok: Lesser Servant of |       |       |       |     5 |    13 |     5 |       ||    23
       Minor Destruction |       |       |       |     4 |     7 |       |       ||    11
       Major Destruction |       |       |       |     3 |       |       |       ||     3
       Greater Servant o |       |       |       |       |     2 |     6 |       ||     8
 Abil: Heal Wounds       |     1 |     1 |     9 |    19 |    19 |     4 |     8 ||    61
       Evoke Invisibilit |       |       |     2 |     5 |     3 |       |       ||    10
Evoke: Wand              |       |       |       |       |     3 |     1 |     3 ||     7
  Use: Scroll            |       |       |    19 |    16 |     8 |     6 |    15 ||    64
       Potion            |       |       |       |       |       |     6 |     3 ||     9
 Stab: Invisible         |       |       |     1 |     8 |    10 |    12 |       ||    31
       Distracted        |       |       |       |     1 |     2 |     2 |       ||     5
       Sleeping          |       |       |       |       |       |    40 |       ||    40
       Confused          |       |       |       |       |       |       |     2 ||     2
  Eat: Chunk             |       |     2 |    15 |    28 |    28 |    14 |     8 ||    95
       Ration            |       |       |     1 |       |       |     1 |       ||     2
Armor: Scale mail        |    59 |    42 |    17 |       |       |       |       ||   118
       Chain mail        |       |       |    57 |       |   277 |   688 |   297 ||  1319
       Plate armour      |       |       |   179 |   710 |   669 |    76 |       ||  1634
       Gold dragon scale |       |       |       |       |       |       |   221 ||   221
Dodge: Dodged            |    40 |    26 |   104 |   219 |   402 |   538 |   499 ||  1828
Block: Kite shield       |    59 |    47 |   230 |   569 |   907 |   229 |       ||  2041
       Reflection        |       |       |       |       |    21 |     3 |       ||    24

Table legend:
 A = Non-vault XP
 B = Vault XP
 C = Vault XP percentage of total XP
 D = Non-vault monster count
 E = Vault monster count
 F = Vault count percentage of total count
                 A         B        C        D         E       F
            +---------+---------+-------+---------+---------+-------
      Total |  362808 |  334338 |  48.0 |    1034 |     486 |  32.0
            +---------+---------+-------+---------+---------+-------
        D:1 |       4 |       0 |   0.0 |       2 |       0 |   0.0
        D:2 |      96 |       0 |   0.0 |      24 |       0 |   0.0
        D:3 |      23 |       0 |   0.0 |       7 |       0 |   0.0
        D:4 |     346 |     882 |  71.8 |      15 |       4 |  21.1
        D:5 |     392 |      18 |   4.4 |      13 |       1 |   7.1
        D:6 |     712 |       4 |   0.6 |       9 |       3 |  25.0
        D:7 |    1887 |    1234 |  39.5 |      21 |       9 |  30.0
        D:8 |    1374 |     907 |  39.8 |      34 |       1 |   2.9
        D:9 |    2934 |       0 |   0.0 |      31 |       0 |   0.0
       D:10 |    2143 |       0 |   0.0 |      47 |       0 |   0.0
       D:11 |    3595 |    2644 |  42.4 |      26 |       5 |  16.1
       D:12 |    6150 |   11527 |  65.2 |      28 |      35 |  55.6
       D:13 |    9296 |       0 |   0.0 |      52 |       0 |   0.0
       D:14 |   10227 |    7172 |  41.2 |      48 |      10 |  17.2
       D:15 |   12548 |    3311 |  20.9 |      37 |       9 |  19.6
     Lair:1 |    4143 |    1628 |  28.2 |      20 |       5 |  20.0
     Lair:2 |    2839 |    1617 |  36.3 |      16 |       7 |  30.4
     Lair:3 |    7321 |     309 |   4.0 |      25 |       1 |   3.8
     Lair:4 |    6444 |    1919 |  22.9 |      21 |       8 |  27.6
     Lair:5 |    9510 |    1399 |  12.8 |      27 |       8 |  22.9
     Lair:6 |    8236 |    8637 |  51.2 |      32 |      35 |  52.2
    Swamp:1 |    8668 |    1105 |  11.3 |      33 |       1 |   2.9
    Swamp:2 |     283 |       0 |   0.0 |       1 |       0 |   0.0
    Swamp:3 |    7256 |       0 |   0.0 |       8 |       0 |   0.0
    Swamp:4 |   14606 |   22191 |  60.3 |      38 |      30 |  44.1
   Spider:1 |    9505 |       0 |   0.0 |      26 |       0 |   0.0
   Spider:2 |    7622 |    2621 |  25.6 |      18 |       3 |  14.3
   Spider:3 |   12877 |       0 |   0.0 |      28 |       0 |   0.0
   Spider:4 |    4177 |   16967 |  80.2 |      10 |      27 |  73.0
    Slime:1 |    6780 |       0 |   0.0 |      18 |       0 |   0.0
    Slime:2 |    6986 |       0 |   0.0 |      16 |       0 |   0.0
    Slime:3 |     561 |       0 |   0.0 |       2 |       0 |   0.0
    Slime:4 |    3702 |    4917 |  57.0 |       6 |       3 |  33.3
    Slime:5 |    1547 |    2627 |  62.9 |       7 |       1 |  12.5
      Orc:1 |    4305 |     811 |  15.9 |      25 |       1 |   3.8
      Orc:2 |    4282 |   13505 |  75.9 |      47 |      68 |  59.1
   Vaults:1 |   26260 |    5415 |  17.1 |      42 |       9 |  17.6
   Vaults:2 |     118 |       0 |   0.0 |       1 |       0 |   0.0
   Vaults:3 |    8830 |    4268 |  32.6 |      17 |       3 |  15.0
   Vaults:4 |    5486 |   21077 |  79.3 |       7 |      21 |  75.0
   Vaults:5 |   39328 |  106906 |  73.1 |      52 |      81 |  60.9
   Depths:2 |    9963 |       0 |   0.0 |      10 |       0 |   0.0
   Depths:3 |   16579 |       0 |   0.0 |      22 |       0 |   0.0
   Depths:4 |   36642 |   50907 |  58.1 |      38 |      31 |  44.9
   Depths:5 |   14382 |   16320 |  53.2 |      13 |       8 |  38.1
      Zot:1 |   15751 |   13883 |  46.8 |      10 |       6 |  37.5
      Zot:2 |    6092 |       0 |   0.0 |       4 |       0 |   0.0
      Sewer |       0 |     119 | 100.0 |       0 |       8 | 100.0
    Ossuary |       0 |     440 | 100.0 |       0 |      20 | 100.0
      IceCv |       0 |    3317 | 100.0 |       0 |      12 | 100.0
    Volcano |       0 |    3734 | 100.0 |       0 |      12 | 100.0
            +---------+---------+-------+---------+---------+-------
